 Dungeon Crawl Stone Soup version 0.21.0-37-g46506fa5f3 (webtiles) character file.

371 DildoBatman the Sneak (level 7, -1/54 HPs)
             Began as a Formicid Enchanter on Jan 31, 2018.
             Slain by a centaur (6 damage)
             ... on level 5 of the Dungeon.
             The game lasted 00:13:54 (5168 turns).

DildoBatman the Sneak (Formicid Enchanter)          Turns: 5168, Time: 00:13:55

Health: -1/54      AC:  5    Str: 15    XL:     7   Next: 2%
Magic:  1/10       EV: 11    Int: 14    God:
Gold:   279        SH:  0    Dex: 11    Spells: 6/10 levels left

rFire    . . .     SeeInvis +   o - +2 mace (crush)
rCold    . . .     Gourm    .   (no shield)
rNeg     . . .     Faith    .   d - +0 ring mail
rPois    .         Spirit   .   (helmet unavailable)
rElec    .         Reflect  .   (no cloak)
rCorr    .         Harm     .   (no gloves)
MR       .....                  (no boots)
Stlth    ++........             (no amulet)
HPRegen  0.18/turn              p - ring of wizardry
MPRegen  0.12/turn              (no ring)

@: very slightly contaminated
A: permanent stasis, dig shafts and tunnels, four strong arms, antennae 3
a: Dig, Shaft Self


You were on level 5 of the Dungeon.
You were near starving.

You visited 1 branch of the dungeon, and saw 5 of its levels.

You collected 279 gold pieces.

Inventory:

Hand Weapons
 a - a +0 quarterstaff
 o - a +2 mace of crushing (weapon)
 q - a +1 dagger
 r - a cursed -3 mace
 u - a +3 hand axe
 y - a +2 dagger of draining
Armour
 d - a +0 ring mail (worn)
 f - a +0 robe
Jewellery
 p - a ring of wizardry (left hand)
Wands
 s - a wand of disintegration (12)
 D - a wand of iceblast (9)
Scrolls
 b - 2 scrolls of remove curse {unknown}
 h - 3 scrolls of fear {unknown}
 i - 2 scrolls of noise {unknown}
 j - a scroll of blinking {unknown}
 l - a scroll of fog {unknown}
 m - a scroll of identify {unknown}
 n - a scroll of teleportation {unknown}
 w - a scroll of amnesia {unknown}
 x - a scroll of immolation {unknown}
Potions
 e - 2 potions of agility
 g - 2 potions of might {unknown}
 k - 2 potions of curing {unknown}
 t - a potion of lignification {unknown}
 z - a potion of mutation {unknown}
 A - 3 potions of haste {unknown}
 C - a potion of flight {unknown}
Books
 c - a book of Maledictions

   Spells                             Type                      Level
   a - Corona                         Hexes                        1
   b - Ensorcelled Hibernation        Hexes/Ice                    2
   c - Confuse                        Hexes                        3
   d - Tukima's Dance                 Hexes                        3
   e - Dazzling Spray                 Conjuration/Hexes            3
Comestibles
 v - 4 rations
 B - 3 chunks of flesh


   Skills:
 - Level 4.0 Fighting
 - Level 1.0 Short Blades
 * Level 3.9 Armour
 - Level 3.0 Dodging
 - Level 5.0 Stealth
 - Level 2.1 Spellcasting
 - Level 3.6 Hexes


You had 6 spell levels left.
You knew the following spells:

 Your Spells              Type           Power        Failure   Level  Hunger
a - Corona                Hex            ##.....      4%          1    #......
b - Confuse               Hex            ##......     12%         3    ###....


Dungeon Overview and Level Annotations

Branches:
Dungeon (5/15)
 Temple: D:4-7

Altars:
Kikubaaqudgha
Trog
Zin

Annotations:
D:2 Ijyb, Jessica, Sigmund
D:4 exclusions: 2 orcs and orc priest
D:5 exclusions: howler monkey and scorpion


Innate Abilities, Weirdness & Mutations

You cannot be hasted, slowed, berserked, paralysed or teleported.
You can dig through walls and to a lower floor.
Your four strong arms can wield two-handed weapons with a shield.
You have a pair of large antennae on your head. (SInv)


Message History

Aim: a centaur (lightly wounded, chance to defeat MR: 47%)
The centaur resists with significant effort.
The centaur hits you.
Aiming: Disintegrate
Press: ? - help, Shift-Dir - straight line, f/p - centaur
Aim: a centaur (lightly wounded, chance to defeat MR: 65%)
The centaur struggles to resist.
The centaur barely misses you. The centaur hits you.
Aiming: Disintegrate
Press: ? - help, Shift-Dir - straight line, f/p - centaur
Aim: a centaur (lightly wounded, chance to defeat MR: 65%)
The centaur struggles to resist.
The centaur hits you.
Aiming: Disintegrate
Press: ? - help, Shift-Dir - straight line, f/p - centaur
Aim: a centaur (lightly wounded, chance to defeat MR: 65%)
The centaur struggles to resist.
The centaur hits you.
You die...

##.#c.# ###....# #.#
####...#### #.# #......# #.#
#.##.### #.# #.#..# #.# #(#.##
# #.# ##.(s####
######.###...#{#@#
...........#..#c## #
######.......#### .####
##.###....# ##.....
####..###.##.####### ......#
#.........##.......###.....%#
##......#######(..............#
#......## ##........#........
#.....## #..........##......


You could see a centaur.

Vanquished Creatures
  A bullfrog zombie (D:5)
  An orc priest (D:3)
  A hound (D:4)
  2 orc wizards (D:3)
  2 worker ants
  A hound skeleton (D:4)
  3 adders
  2 gnolls (D:2)
  A shadow imp (D:5)
  An ooze (D:2)
  An adder skeleton (D:4)
  A worm (D:3)
  3 dart slugs
  3 leopard geckos
  3 orcs (D:3)
  3 ball pythons
  10 bats
  6 giant cockroaches
  16 goblins
  5 hobgoblins
  4 jackals (D:4)
  2 quokkas
  4 frilled lizards
  A jackal skeleton (D:4)
  11 kobolds
  7 rats
95 creatures vanquished.

Notes
Turn   | Place    | Note
-------+----------+-------------------------------------------
     0 | D:1      | DildoBatman the Formicid Enchanter began the quest for the Orb.
     0 | D:1      | Reached XP level 1. HP: 13/13 MP: 3/3
    50 | D:1      | Reached skill level 1 in Fighting
   103 | D:1      | Reached XP level 2. HP: 18/21 MP: 3/5
   500 | D:1      | Reached XP level 3. HP: 14/28 MP: 3/6
   505 | D:1      | Learned a level 3 spell: Confuse
  1487 | D:1      | Reached XP level 4. HP: 27/35 MP: 5/7
  1659 | D:2      | Reached skill level 1 in Armour
  1730 | D:2      | Reached skill level 4 in Stealth
  1736 | D:2      | Found a bloodstained altar of Trog.
  2214 | D:2      | Found a faded altar of an unknown god.
  2505 | D:3      | Noticed Sigmund
  2788 | D:3      | Noticed Jessica
  2839 | D:3      | Reached XP level 5. HP: 27/41 MP: 6/8
  2954 | D:3      | Reached XP level 6. HP: 11/47 MP: 6/9
  3278 | D:3      | Found a glowing silver altar of Zin.
  3400 | D:3      | Found an ancient bone altar of Kikubaaqudgha.
  3404 | D:3      | Noticed Ijyb
  4186 | D:4      | Noticed an ogre
  4564 | D:4      | Reached skill level 5 in Stealth
  4660 | D:5      | Entered Level 5 of the Dungeon
  4769 | D:5      | Noticed an ogre
  5143 | D:5      | Reached XP level 7. HP: 40/54 MP: 8/10
  5168 | D:5      | Slain by a centaur

Skill      XL: |  1  2  3  4  5  6 |
---------------+-------------------+-----
Fighting       | 1 2 3 4 |  4.0
Dodging        | 2 3 |  3.0
Armour         | 2 3 |  3.9
Stealth        | 4 5 |  5.0
Short Blades   | |  1.0
Spellcasting   | |  2.1
Hexes          | |  3.6

Action                   |  1- 3 |  4- 6 |  7- 9 || total
-------------------------+-------+-------+-------++-------
Melee: Dagger            |   159 |    29 |       ||   188
       Quarterstaff      |       |   179 |       ||   179
       Mace              |       |       |     1 ||     1
 Cast: Corona            |    24 |    50 |     1 ||    75
       Confuse           |       |     7 |     2 ||     9
 Abil: Dig               |     2 |     4 |     1 ||     7
Evoke: Wand              |       |       |     3 ||     3
 Stab: Sleeping          |     2 |     2 |       ||     4
  Eat: Chunk             |     3 |    13 |       ||    16
Armor: Robe              |     4 |       |       ||     4
       Ring mail         |    55 |    90 |     3 ||   148
Dodge: Dodged            |    94 |   155 |     8 ||   257
